 Dungeon Crawl Stone Soup version 0.32-a0-699-g1ee5eff69a (webtiles) character file.

Game seed: 15043813193504118473

581 pyrow613 the Trooper (level 6, -12/55 HPs)
             Began as a Demigod Fighter on Mar 11, 2024.
             Mangled by a gnoll sergeant
             ... wielding a +1 spear of venom
              (13 damage)
             ... on level 5 of the Dungeon on Mar 13, 2024.
             The game lasted 00:19:37 (4727 turns).

pyrow613 the Trooper (Demigod Fighter)              Turns: 4727, Time: 00:19:37

Health: -12/55     AC:  9    Str: 17    XL:     6   Next: 90%
Magic:  8/8        EV:  8    Int: 10    God:
Gold:   171        SH:  7    Dex: 21    Spells: 5/5 levels left

rFire   . . .        a - +2 short sword (speed)
rCold   . . .        c - +1 buckler
rNeg    . . .        i - +0 scale mail
rPois   .            r - +1 helmet
rElec   .            (no cloak)
rCorr   .            (no gloves)
SInv    .            (no boots)
Will    .....        l - amulet of the acrobat Stlth
                     (no ring)
HPRegen 0.29/turn    (no ring)
MPRegen 0.11/turn

%: acrobat
@: lethally poisoned (-12 -> -18)
A: high MP 1, forlorn, divine attributes
a: no special abilities


You were on level 5 of the Dungeon.
You visited 1 branch of the dungeon, and saw 5 of its levels.

You collected 171 gold pieces.

Inventory:

Hand Weapons
 a - a +2 short sword of speed (weapon)
 b - a +1 short sword of venom
 h - a +0 long sword
Missiles
 j - 11 poisoned darts (quivered)
 o - 3 datura-tipped darts
 s - 5 boomerangs
Armour
 c - a +1 buckler (worn)
 i - a +0 scale mail (worn)
 r - a +1 helmet (worn)
Jewellery
 l - an amulet of the acrobat (around neck)
Scrolls
 f - 5 scrolls of teleportation
 m - a scroll of immolation
 n - 2 scrolls of silence
Potions
 e - a potion of lignification
 g - a potion of attraction
 p - 3 potions of brilliance
 q - a potion of enlightenment {unknown}
 t - a potion of resistance {unknown}
 u - a potion of degeneration {unknown}


   Skills:
 * Level 4.9 Fighting
 * Level 4.4 Long Blades
 + Level 3.8 Armour
 + Level 3.8 Shields


You had 5 spell levels left.
You didn't know any spells.
Your spell library was empty.

Dungeon Overview and Level Annotations

Branches:
Dungeon (5/15)
 Temple: D:4-7


Innate Abilities, Weirdness & Mutations

You have an increased reservoir of magic. (+10% MP)
You shall have no god before yourself.
Your divine heritage dramatically boosts your attributes as you level up.


Message History

You feel sick.
You hit the gnoll sergeant.
The gnoll sergeant is heavily wounded.
You feel sick.
The gnoll sergeant hits you with a +1 spear of venom.
You are lethally poisoned!
You hit the gnoll sergeant.
The gnoll sergeant is severely wounded.
You feel very sick. The gnoll sergeant closely misses you.
You barely miss the gnoll sergeant.
The gnoll sergeant is severely wounded.
* * * LOW HITPOINT WARNING * * *
You feel very sick.
You hit the gnoll sergeant.
The gnoll sergeant is severely wounded.
* * * LOW HITPOINT WARNING * * *
You feel sick.
The gnoll sergeant hits you with a +1 spear of venom.
* * * LOW HITPOINT WARNING * * *
You hit the gnoll sergeant.
The gnoll sergeant is almost dead.
* * * LOW HITPOINT WARNING * * *
You feel sick.
You closely miss the gnoll sergeant.
The gnoll sergeant is almost dead.
* * * LOW HITPOINT WARNING * * *
You feel sick.
The gnoll sergeant hits you with a +1 spear of venom.
* * * LOW HITPOINT WARNING * * *
The gnoll sergeant blocks your attack.
The gnoll sergeant is severely wounded.
* * * LOW HITPOINT WARNING * * *
You feel sick.
The gnoll sergeant hits you but does no damage.
It was a potion of cancellation.
You feel magically purged.
* * * LOW HITPOINT WARNING * * *
You feel sick.
The gnoll sergeant hits you with a +1 spear of venom!
You die...

####..... ##
#...g.... #. ##.#
#.### #..# [..#
##.## #..### ##..#
#....## #g.##
##.....# #g##
#....#.## ###@#
#.#.....# ###...#
##.##..#.###...###
#..###...##..###
#.## #...##.## ..
# #.## ##.....# #.
.# #..# #...### #.
#. ##.####...##
#.###. #...##....#
#....


You could see a gnoll sergeant and a gnoll.

Vanquished Creatures
  2 ogres (D:4)
  2 scorpions
  A bombardier beetle (D:4)
  An iguana (D:5)
  3 gnolls (D:4)
  12 adders
  2 dart slugs
  2 ribbon worms (D:2)
  2 orcs (D:3)
  6 endoplasms
  6 giant cockroaches
  7 goblins
  11 hobgoblins
  5 quokkas
  8 ball pythons
  4 bats
  4 frilled lizards
  8 kobolds
  2 rats
88 creatures vanquished.

Notes
Turn   | Place    | Note
-------+----------+-------------------------------------------
     0 | D:1      | pyrow613 the Demigod Fighter began the quest for the Orb.
     0 | D:1      | Reached XP level 1. HP: 18/18 MP: 3/3
   125 | D:1      | Reached XP level 2. HP: 25/25 MP: 4/4
  1174 | D:2      | Reached XP level 3. HP: 31/31 MP: 5/5
  1307 | D:2      | Upgraded the game from 0.32-a0-675-gdc239d62e1 to
                  | 0.32-a0-685-g93135e86f0
  1548 | D:2      | Reached XP level 4. HP: 36/38 MP: 6/6
  3217 | D:4      | Reached XP level 5. HP: 46/46 MP: 7/7
  3667 | D:4      | Noticed an ogre
  3688 | D:4      | Killed an ogre
  3689 | D:4      | Reached XP level 6. HP: 38/53 MP: 8/8
  3996 | D:4      | Upgraded the game from 0.32-a0-685-g93135e86f0 to
                  | 0.32-a0-699-g1ee5eff69a
  4252 | D:5      | Entered Level 5 of the Dungeon
  4727 | D:5      | HP: 1/55 [poisoned by a gnoll sergeant]
  4727 | D:5      | Mangled by a gnoll sergeant

Illustrated notes

Levels and vault maps discovered:
D:1:      spicycebolla_arrival_ecumenical, layout_basic
D:2:      layout_loops_ring, basic_altar
D:3:      layout_rooms, mainiacjoe_overflow_two_lobes,
          kennysheep_generic_room_10
D:4:      layout_gridville
D:5:      minmay_skewed_foursquare, layout_rooms

Skill      XL: |  1  2  3  4  5  6 |
---------------+-------------------+-----
Long Blades    | 2 3 4 |  4.4
Fighting       | 3 4 |  4.9
Armour         | 3 |  3.8
Shields        | 3 |  3.8

Action                     |  1- 3 |  4- 6 || total
---------------------------+-------+-------++-------
  Melee: Long sword        |    89 |       ||    89
         Short sword       |    96 |   248 ||   344
  Throw: Boomerang         |       |    31 ||    31
         Dart              |       |     3 ||     3
    Use: Scroll            |       |    11 ||    11
         Potion            |       |     2 ||     2
 Armour: Scale mail        |   102 |    75 ||   177
  Dodge: Dodged            |    66 |    75 ||   141
  Block: Buckler           |    34 |    56 ||    90

Table legend: (Time is in decaauts)
 A = Elapsed time spent in this place.
 B = Non-inter-level travel time spent in this place.
 C = Inter-level travel time spent in this place.
 D = Time resting spent in this place.
 E = Time spent auto-exploring this place.
 F = Levels seen in this place.
 G = Mean time per level.
                   A        B        C        D        E       F      G
               +--------+--------+--------+--------+--------+-----+--------+
         Total |   4648 |   4345 |    303 |    629 |   2835 |   5 |  929.6 |
       Dungeon |   4648 |   4345 |    303 |    629 |   2835 |   5 |  929.6 |
               +--------+--------+--------+--------+--------+-----+--------+

Top non-repeatable levels by time:
     D:4: 1383 daAuts
     D:1: 1165 daAuts
     D:2: 1036 daAuts
     D:3: 878 daAuts
     D:5: 184 daAuts
